← All builds
Geo / Cortex / Economy first / OBSERVED BUILD

Standard geo

Standard Geo economy-first play: geothermal into T2 constructor and Advanced Bot Lab, blowing the commander for T2 and bringing Sheldon or similar bots to front while supplying constructors to allies.

Usually blows up the commander for T2 (69%)

#eco #t2 #team support · 145 distinct matches · 44 players · 36% of Cortex Geo games · team won 47% of 146 · Recently observed

THE CATCH, AND WHAT COMES WITH IT
  • SheldonSheldon in 40%20% of all Geo games by then

Then transitions into Sheldon (22% of army), Sumo (8% of army).

HOW TO PLAY IT

Key timing: T2 constructor by 5:01

  1. Take 3 mex, then chain wind and a bot lab by 1:13.
  2. Get geothermal up for the energy to push tech.
  3. Hit T2 constructor and start advanced mex and advanced geo.
  4. Bring up the T2 lab and start pumping Sheldon to front.
  5. Pay allies with cons and rez bots while supplying Sheldon and Arbiter.

Phase by phase

TYPICAL OF ITS 145 GAMES
  1. 1
  2. 2
  3. 3
  4. 4
PLAY THE OPENING

Follow the example game's first 6:00 step by step: what to build now, what comes next, and where it goes. At 1× it keeps pace with your own game.

  1. 1

    Up to the Bot Lab

    Economy
    • Metal Extractor3Mex
    • Wind Turbine3Wind
    Order
    1. Bot LabBot Lab after 3 mex, 3 winddone ~1:13, middle half 0:57–1:20

    By 0:56 in all: 3 mex · 3 wind

    The example game in this phase · 3 steps
    1. Mex ×2
    2. Wind ×4
    3. Bot LabBot Labdone 0:52 · typical 1:13
  2. 2

    Bot Lab to 5:00

    Economy
    • Metal Extractor1Mex
    • Wind Turbine3Wind
    • Energy Converter8Converter
    • Energy Storage1Energy storage
    Order
    1. Geothermal PowerplantGeo after 4 mex, 6 wind, 1 energy storage
    Builders
    • Construction Turret5 Con turret
    • Graverobber4 Graverobber
    • Construction Bot2 Con bot
    • Construction Bot1 Con bot for allies
    • Graverobber1 Graverobber for allies

    By 5:00 in all: 4 mex · 7 wind · 1 geo · 8 converter · 1 energy storage · 5 con turret

    The example game in this phase · 22 steps
    1. Wind
    2. GraverobberGraverobber
    3. Wind
    4. GraverobberGraverobber ×2
    5. Construction BotCon bot ×2
    6. GraverobberGraverobberfor Beach sea
    7. Mex
    8. Construction BotCon botfor Beach sea
    9. Energy storage
    10. Mex
    11. Geothermal PowerplantGeodone 2:57 · typical 3:21
    12. Con turret
    13. Converter
    14. Con turret ×2
    15. Converter ×2
    16. Energy storage
    17. Converter
    18. Con turret
    19. Energy storage
    20. Converter ×2
    21. Con turret
    22. Advanced Metal ExtractorT2 mex ×2done 5:10 · typical 5:37
  3. 3

    5:00 to Advanced Bot Lab

    Economy
    • Wind Turbine2Wind
    • Energy Converter2Converter
    Order
    1. Advanced Geothermal PowerplantAdvanced Geothermal Powerplant after 9 wind, 12 converter, 6 con turretin 62% of games
    2. Advanced Bot LabAdvanced Bot Lab after 12 wind, 14 converter, 7 con turretdone ~7:52, middle half 7:29–8:28
    Builders
    • Construction Turret1 Con turret

    By 7:15 in all: 4 mex · 11 wind · 1 geo · 1 Advanced Geothermal Powerplant · 13 converter · 1 energy storage

    The example game in this phase · 5 steps
    1. Advanced Metal ExtractorT2 mex
    2. Advanced Geothermal PowerplantAdvanced Geothermal Powerplantdone 6:33 · typical 7:07
    3. AggravatorAggravatorfor Suicide front
    4. Advanced Metal ExtractorT2 mex
    5. Advanced Bot LabAdvanced Bot Labdone 7:30 · typical 7:52
  4. 4

    Advanced Bot Lab to 10:00

    Economy
    • Energy Converter3Converter

    Some games also: T2 con bot for allies (47%) · Sheldon (46%) · radar bot (45%) · jammer bot (43%) · con turret (42%)

    By 10:00 in all: 4 mex · 15 wind · 1 geo · 1 Advanced Geothermal Powerplant · 18 converter · 1 energy storage

    The example game in this phase · 113 steps
    1. Converter
    2. Con turret
    3. Advanced Construction BotT2 con bot
    4. SheldonSheldondone 7:49 · typical 8:44
    5. Con turret
    6. SheldonSheldon
    7. Converter
    8. Con turret
    9. Converter
    10. Dragon's TeethDragon's Teeth ×2
    11. Converter
    12. SheldonSheldon
    13. Converter
    14. Dragon's TeethDragon's Teeth
    15. Converter
    16. Dragon's TeethDragon's Teeth
    17. SheldonSheldon
    18. Dragon's TeethDragon's Teeth ×3
    19. Converter
    20. Dragon's TeethDragon's Teeth ×4
    21. SheldonSheldon
    22. Dragon's TeethDragon's Teeth
    23. Converter
    24. Dragon's TeethDragon's Teeth ×4
    25. DeceiverJammer bot
    26. Dragon's TeethDragon's Teeth ×2
    27. Converter
    28. Dragon's TeethDragon's Teeth
    29. AugurRadar bot
    30. Dragon's TeethDragon's Teeth
    31. Converter
    32. Dragon's TeethDragon's Teeth
    33. SheldonSheldon
    34. Dragon's TeethDragon's Teeth ×3
    35. Converter
    36. Dragon's TeethDragon's Teeth ×2
    37. SheldonSheldon
    38. Dragon's TeethDragon's Teeth ×4
    39. Converter
    40. Dragon's TeethDragon's Teeth ×2
    41. SheldonSheldon ×2
    42. Converter
    43. Dragon's TeethDragon's Teeth
    44. Vehicle PlantVehicle Plantdone 9:04
    45. SheldonSheldon
    46. Dragon's TeethDragon's Teeth ×3
    47. SpectreSpectre
    48. Converter
    49. Dragon's TeethDragon's Teeth
    50. PounderPounder
    51. SpectreSpectre
    52. Converter
    53. PounderPounder
    54. GuardGuard
    55. BedbugCrawling bomb
    56. GuardGuard
    57. Converter
    58. PounderPounder
    59. Converter
    60. BedbugCrawling bomb
    61. GuardGuard
    62. Converter
    63. PounderPounder
    64. SheldonSheldon
    65. Converter
    66. PounderPounder
    67. SheldonSheldon
    68. GuardGuard
    69. Converter ×2
    70. SheldonSheldon
    71. Converter
    72. SheldonSheldon
    73. Converter ×2
    74. SheldonSheldon ×6
    75. SumoSumodone 10:52
    76. Bot LabBot Labdone 11:02
    77. SumoSumo
    78. Advanced Construction BotT2 con bot
    79. GraverobberGraverobber ×2
    80. SumoSumo
    81. GraverobberGraverobber
    82. PrevailerPrevailerdone 12:36
    83. SumoSumo
    84. GraverobberGraverobber
    85. PawnPawn
    86. SumoSumo
    87. PounderPounder
    88. GraverobberGraverobber
    89. SumoSumo
    90. PounderPounder
    91. SumoSumo
    92. MauserMauser
    93. JaguarJaguar
    94. SumoSumo ×2
    95. MauserMauser
    96. SumoSumo
    97. Advanced Construction BotT2 con bot
    98. TwitcherTwitcher
    99. BlitzBlitz
    100. TwitcherTwitcher ×4
    101. GruntGrunt
    102. TwitcherTwitcher
    103. GruntGrunt
    104. ManticoreManticoredone 13:25
    105. BirdshotBirdshot
    106. GruntGrunt
    107. SheldonSheldon
    108. GruntGrunt
    109. Advanced Metal ExtractorT2 mexdone 14:00
    110. ManticoreManticore
    111. GruntGrunt ×2
    112. SheldonSheldon ×2
    113. Advanced Metal ExtractorT2 mex

Counts are medians over the build's games: half of them build more, half fewer. The example game is Immort's (56 OS, 26/09/2026); pick another.

Team trades

IN AT LEAST 30% OF ITS GAMES

You hand over

  • Graverobber1 Graverobber to Beach sea or Frontfirst at 2:24 · in 77% of games
  • Construction Bot1 Con bot to Beach sea or Pondfirst at 2:43 · in 88% of games
  • Advanced Construction Bot1 T2 con bot to Suicide front or Frontfirst at 8:29 · in 53% of games

You get

  • Advanced Construction Bot1 T2 con bot from Techfirst at 4:51 · in 91% of games

How it plays out

Typical game of this build, running totals by minute

Metal produced

020k40k
0:005:0010:0015:00

metal

Enemy metal destroyed

05k10k
0:005:0010:0015:00

metal

Own metal lost

02.5k5k7.5k
0:005:0010:0015:00

metal

146 games.

Show as table
ByMetal produced: This buildEnemy metal destroyed: This buildOwn metal lost: This build
1:0033600
2:0086600
3:00149900
4:00266300
5:00375800
6:00568100
7:00799400
8:001103900
9:00140813186
10:0016926332259
11:00198111252715
12:002267624911531
13:002555942612635
14:002850359404360
15:003165579696290
WHAT THE NUMBERS SAY

Standard geo won under half its games while destroying far more metal than it lost by 15:00, showing the T2 push pays off when it lands.

  • + Enemy metal destroyed hits 7969 by 15:00 versus only 6290 lost.
  • + Advanced geothermal reached in 67% of games, funding a fast T2 lab.
  • − Team win rate sits at only 45%, below an even split.
  • − First Sheldon only appears by 9:06 in 31% of games, so T2 units often arrive late.
THE EXAMPLE YOU ARE READING

Immort

56.0 OS · 26/09/2026

Open source match ↗

9 received units · includes a constructor
5009 metal received · 238715 energy received

Allied construction assistance is unknown. Timings are observations, not a promise of solo reproducibility.

Typical milestones

Bot Lab1:13Middle 50%: 0:57–1:20 · n=146
Geothermal Powerplant3:21Middle 50%: 3:07–3:37 · n=146
Advanced Metal Extractor5:37Middle 50%: 5:18–6:01 · n=132
Advanced Geothermal Powerplant7:07Middle 50%: 6:44–7:33 · n=96
Advanced Bot Lab7:52Middle 50%: 7:29–8:28 · n=106
Sheldon8:44Middle 50%: 8:04–9:20 · n=85

Played most by

RogShotz12games of this buildzeus_on_god12games of this build_Hawkey_10games of this buildAmrissa9games of this buildGodmother139games of this build